 Dungeon Crawl Stone Soup version 0.29.0-4-gdea44cf6ec (webtiles) character file.

Game seed: 8911611692740460030

186 qw the Chopper (level 5, -1/41 HPs)
             Began as a Ghoul Enchanter on Sept 6, 2022.
             Slain by an orc priest
             ... wielding a +0 war axe
              (5 damage)
             ... on level 4 of the Dungeon.
             The game lasted 00:01:43 (3568 turns).

qw the Chopper (Ghoul Enchanter)                    Turns: 3568, Time: 00:01:43

Health: -1/41      AC:  9    Str: 13 (14) XL:     5   Next: 66%
Magic:  6/6        EV:  6    Int:  8 (10) God:
Gold:   211        SH:  0    Dex:  7 (9)  Spells: 7/7 levels left

rFire   + . .      SeeInvis .   Y - +1 hand axe
rCold   + . .      Faith    .   (no shield)
rNeg    + + +      Spirit   .   j - +0 chain mail
rPois   inf        Reflect  .   (no helmet)
rElec   .          Harm     .   (no cloak)
rCorr   .          Rampage  .   i - +0 pair of gloves
Will    .....                   (no boots)
Stlth   ..........              (no amulet)
HPRegen 0.00/turn               l - ring of protection from fire
MPRegen 0.10/turn               (no ring)

@: about to teleport, inhibited regen
A: claws 1, cold resistance 1, negative energy resistance 3, inhibited
regeneration, torment resistance 2, devour on kill
a: no special abilities


You were on level 4 of the Dungeon.
You visited 1 branch of the dungeon, and saw 4 of its levels.

You collected 211 gold pieces.


Innate Abilities, Weirdness & Mutations

You are immune to poison.
You have sharp fingernails.
Your flesh is cold resistant. (rC+)
You are immune to negative energy. (rN+++)
You do not regenerate when monsters are visible.
You are immune to unholy pain and torment.
You thrive by killing the living.


   Skills:
 - Level 2.0 Fighting
 - Level 0.8 Short Blades
 + Level 3.7 Axes
 - Level 1.8 Armour
 - Level 1.7 Dodging
 - Level 3.2 Stealth
 - Level 1.7 Spellcasting
 - Level 2.4 Hexes


You had 7 spell levels left.
You didn't know any spells.
Your spell library contained the following spells:

 Spells                   Type           Power      Damage    Failure   Level
 Ensorcelled Hibernation  Hex/Ice        4%         N/A       100%        2
 Confusing Touch          Hex            4%         N/A       100%        3
 Dazzling Flash           Conj/Hex       4%         N/A       100%        3
 Tukima's Dance           Hex            4%         N/A       100%        3

Inventory:

Hand Weapons
 a - a +0 flail
 Y - a +1 hand axe (weapon)
Missiles
 b - a boomerang (quivered)
Armour
 d - a +1 hat
 i - a +0 pair of gloves (worn)
 j - a +0 chain mail (worn)
Jewellery
 l - a ring of protection from fire (left hand)
Scrolls
 g - a scroll of teleportation
 h - a scroll of identify
 m - a scroll of amnesia {unknown}
Potions
 c - a potion of cancellation {unknown}
 e - a potion of flight {unknown}
 f - a potion of curing {unknown}
 k - a potion of might {unknown}
 n - a potion of ambrosia {unknown}

Dungeon Overview and Level Annotations

Branches:
Dungeon (4/15)
 Temple: D:4-7

Altars:
Trog

Shops:
D:1 [


Message History

The howler monkey is severely wounded.
The howler monkey hits you but does no damage.
The howler monkey hoots and howls with incredible vigour!
You hear a shout!
You hit the howler monkey.
The howler monkey is almost dead.
The howler monkey barely misses you.
You hit the howler monkey.
You kill the howler monkey!
You feel your intelligence returning.
Your Armour skill increases to level 1!
You slash the orc!
You kill the orc!
An orc priest comes into view. It is wielding a +0 war axe.
3557 ||| Stepping ~*~*~tactically~*~*~ (hiding).
You start resting.
An orc priest is nearby!
An orc priest comes into view. It is wielding a +0 club.
The orc priest hits you with a +0 war axe!
You hit the orc priest but do no damage.
The orc priest invokes the aid of Beogh against you.
Beogh smites you! The orc priest barely misses you.
You hit the orc priest but do no damage.
The orc priest hits you but does no damage.
The orc priest hits you with a +0 war axe.
You closely miss the orc priest.
The orc priest looks satisfied for a moment.
You barely miss the orc priest. You hit the orc priest.
The orc priest is lightly wounded.
You hit the orc priest.
The orc priest hits you but does no damage.
The orc priest invokes the aid of Beogh against you.
Beogh smites you!
3568 ||| READING 2 scrolls of teleportation.
As you read the scroll of teleportation, it crumbles to dust.
You feel strangely unstable.
The orc priest hits you but does no damage.
The orc priest hits you with a +0 war axe.
You die...

####### ##
#.....# #.
#.....# #.
#########.....#
#.
#o@...........#
#.
#o#######.....#
#. #. #.....#
#. #.
#.....####. #.
#.....#.... #.
######.#.### ..
.............
#.
#######%#....
#.#####


You could see 2 orc priests.

Vanquished Creatures
  A howler monkey (D:4)
  An iguana (D:3)
  3 adders
  4 dart slugs
  10 orcs
  4 bats
  4 endoplasms
  5 giant cockroaches
  5 goblins
  10 hobgoblins
  6 kobolds
  2 quokkas
  10 ball pythons
  4 frilled lizards
  4 rats
73 creatures vanquished.

Vanquished Creatures (others)
  A fungus (D:1)
  A plant (D:1)
2 creatures vanquished.

Grand Total: 75 creatures vanquished

Notes
Turn   | Place    | Note
-------+----------+-------------------------------------------
     0 | D:1      | qw the Ghoul Enchanter began the quest for the Orb.
     0 | D:1      | Reached XP level 1. HP: 14/14 MP: 2/2
     0 | D:1      | 0 ||| qw: Version: 0.1-a-108-g9e35731
     0 | D:1      | 0 ||| qw: Game counter: 6316
     0 | D:1      | 0 ||| qw: Always use a shield: true
     0 | D:1      | 0 ||| qw: God list: Okawaru
     0 | D:1      | 0 ||| qw: Allow faded altars: false
     0 | D:1      | 0 ||| qw: Do Orc after D:15 true
     0 | D:1      | 0 ||| qw: Do second Lair branch before Depths: true
     0 | D:1      | 0 ||| qw: Lair rune preference: random
     0 | D:1      | 0 ||| qw: Plans: Normal
     0 | D:1      | 0 ||| PLANNING D:1-11
    41 | D:1      | 41 ||| Stepping ~*~*~tactically~*~*~ (stealth).
   175 | D:1      | 175 ||| SWAPPING to +0 hand axe.
   176 | D:1      | 176 ||| DROPPING +1 dagger.
   200 | D:1      | Found Nit Fuo's Armour Emporium.
   205 | D:1      | 205 ||| SHOPLISTING +0 chain mail of poison resistance (102
                  | gold, have 18).
   205 | D:1      | 205 ||| SHOPLISTING +0 helmet (54 gold, have 18).
   205 | D:1      | 205 ||| SHOPLISTING +0 pair of boots (54 gold, have 18).
   205 | D:1      | 205 ||| SHOPLISTING +0 pair of gloves (54 gold, have 18).
   205 | D:1      | 205 ||| SHOPLISTING +0 scale mail (48 gold, have 18).
   205 | D:1      | 205 ||| SHOPLISTING +1 scale mail of Qoarghid {rN+ Slay+5}
                  | (494 gold, have 18).
   247 | D:1      | Reached skill level 1 in Axes
   253 | D:1      | 253 ||| Stepping ~*~*~tactically~*~*~ (stealth).
   259 | D:1      | Reached XP level 2. HP: 22/22 MP: 3/3
   273 | D:1      | Reached skill level 1 in Fighting
   313 | D:1      | 313 ||| Stepping ~*~*~tactically~*~*~ (stealth).
   317 | D:1      | 317 ||| Stepping ~*~*~tactically~*~*~ (hiding).
   354 | D:1      | 354 ||| Stepping ~*~*~tactically~*~*~ (stealth).
   685 | D:1      | 685 ||| Stepping ~*~*~tactically~*~*~ (stealth).
   709 | D:1      | Found a faded altar of an unknown god.
  1066 | D:1      | 1066 ||| UPGRADING to +0 ring mail.
  1076 | D:1      | 1076 ||| DROPPING +0 robe.
  1077 | D:1      | 1077 ||| READING scroll labelled QISHRE GIFEL MOS.
  1078 | D:1      | 1078 ||| READING scroll labelled TAMOFO VURADA.
  1079 | D:1      | 1079 ||| READING 2 scrolls labelled NYTEPR ABASEY.
  1083 | D:1      | 1083 ||| READING scroll labelled ALEWAD DEASI.
  1084 | D:1      | 1084 ||| DROPPING 2 potions of invisibility.
  1148 | D:2      | Reached XP level 3. HP: 24/28 MP: 4/4
  1220 | D:2      | 1220 ||| Stepping ~*~*~tactically~*~*~ (stealth).
  1401 | D:2      | 1401 ||| Stepping ~*~*~tactically~*~*~ (stealth).
  1402 | D:2      | 1402 ||| Stepping ~*~*~tactically~*~*~ (stealth).
  1535 | D:2      | 1535 ||| Stepping ~*~*~tactically~*~*~ (stealth).
  1579 | D:2      | 1579 ||| DROPPING +0 club.
  1686 | D:2      | Reached XP level 4. HP: 29/36 MP: 5/5
  2370 | D:2      | 2370 ||| UPGRADING to +0 scale mail.
  2380 | D:2      | 2380 ||| DROPPING +0 ring mail.
  2381 | D:2      | 2381 ||| UPGRADING to +0 pair of gloves.
  2386 | D:2      | 2386 ||| READING 3 scrolls labelled TEIZANOWOI.
  2487 | D:2      | 2487 ||| READING 3 scrolls labelled RYH CEPSIHU.
  2488 | D:2      | 2488 ||| READING scroll labelled RUELA RUVAR.
  2489 | D:2      | 2489 ||| READING scroll labelled QUOFECROBI.
  2490 | D:2      | 2490 ||| DROPPING 2 scrolls of silence.
  2491 | D:2      | 2491 ||| DROPPING 2 scrolls of fear.
  2632 | D:3      | Found a bloodstained altar of Trog.
  2647 | D:3      | 2647 ||| Stepping ~*~*~tactically~*~*~ (stealth).
  2654 | D:3      | 2654 ||| DROPPING +0 whip.
  2656 | D:3      | 2656 ||| Stepping ~*~*~tactically~*~*~ (hiding).
  2671 | D:3      | 2671 ||| Stepping ~*~*~tactically~*~*~ (stealth).
  2675 | D:3      | 2675 ||| Stepping ~*~*~tactically~*~*~ (stealth).
  2676 | D:3      | 2676 ||| Stepping ~*~*~tactically~*~*~ (stealth).
  2677 | D:3      | 2677 ||| Stepping ~*~*~tactically~*~*~ (stealth).
  2685 | D:3      | Reached skill level 3 in Axes
  2790 | D:3      | 2790 ||| Stepping ~*~*~tactically~*~*~ (stealth).
  2796 | D:3      | 2796 ||| Stepping ~*~*~tactically~*~*~ (stealth).
  2812 | D:3      | Reached XP level 5. HP: 19/41 MP: 6/6
  3260 | D:3      | 3260 ||| UPGRADING to +0 chain mail.
  3270 | D:3      | 3270 ||| DROPPING +0 scale mail.
  3271 | D:3      | 3271 ||| UPGRADING to ring of protection from fire.
  3272 | D:3      | 3272 ||| DRINKING 2 green potions.
  3273 | D:3      | 3273 ||| DROPPING potion of degeneration.
  3348 | D:4      | 3348 ||| Stepping ~*~*~tactically~*~*~ (stealth).
  3357 | D:4      | 3357 ||| Stepping ~*~*~tactically~*~*~ (stealth).
  3359 | D:4      | 3359 ||| Stepping ~*~*~tactically~*~*~ (stealth).
  3365 | D:4      | 3365 ||| Stepping ~*~*~tactically~*~*~ (stealth).
  3556 | D:4      | Reached skill level 1 in Armour
  3557 | D:4      | 3557 ||| Stepping ~*~*~tactically~*~*~ (hiding).
  3567 | D:4      | HP: 4/41 [orc priest/divine providence (12)]
  3568 | D:4      | 3568 ||| READING 2 scrolls of teleportation.
  3568 | D:4      | Slain by an orc priest

Levels and vault maps discovered:
D:1:      co_arrival_square_in_a_square_in_a_square, layout_basic, serial_shops,
          shop_statue, dreamdust_ecumenical_altar_hidden_monk_grotto,
          minmay_distorted
D:2:      layout_loops_corners
D:3:      layout_rooms, pf_just_have_faith, minivault_25, corexii_hall_statues_x
D:4:      layout_basic, minmay_ruptured

Skill      XL: |  1  2  3  4  5 |
---------------+----------------+-----
Axes           | 1 2 3 |  3.7
Fighting       | 1 2 |  2.0
Armour         | 1 |  1.8
Short Blades   | |  0.8
Dodging        | |  1.7
Stealth        | |  3.2
Spellcasting   | |  1.7
Hexes          | |  2.4

Action                   |  1- 3 |  4- 6 || total
-------------------------+-------+-------++-------
Melee: Dagger            |     9 |       ||     9
       Hand axe          |   143 |   118 ||   261
       Punch             |     1 |     1 ||     2
Throw: Boomerang         |       |    22 ||    22
  Use: Scroll            |     4 |     5 ||     9
       Potion            |       |     1 ||     1
 Stab: Sleeping          |     1 |       ||     1
Armor: Robe              |    14 |       ||    14
       Ring mail         |    32 |    14 ||    46
       Scale mail        |       |    10 ||    10
       Chain mail        |       |    31 ||    31
Dodge: Dodged            |   111 |    34 ||   145

Table legend:
 A = Non-vault XP
 B = Vault XP
 C = Vault XP percentage of total XP
 D = Non-vault monster count
 E = Vault monster count
 F = Vault count percentage of total count
                 A         B        C        D         E       F
            +---------+---------+-------+---------+---------+-------
      Total |     256 |      11 |   4.1 |      67 |       6 |   8.2
            +---------+---------+-------+---------+---------+-------
        D:1 |      26 |       4 |  13.3 |      13 |       3 |  18.8
        D:2 |      73 |       0 |   0.0 |      28 |       0 |   0.0
        D:3 |      79 |       0 |   0.0 |      16 |       0 |   0.0
        D:4 |      78 |       7 |   8.2 |      10 |       3 |  23.1
            +---------+---------+-------+---------+---------+-------
